 Dungeon Crawl Stone Soup version 0.26.1-10-gdfb7c7de75 (webtiles) character file.

Game seed: 4685685893946399384

312 Chiseanne the Magician (level 6, 41/41 HPs)
             Began as a Demonspawn Hedge Wizard on Apr 10, 2021.
             Quit the game on level 3 of the Dungeon.
             The game lasted 00:06:39 (5123 turns).

Chiseanne the Magician (Demonspawn Hedge Wizard)    Turns: 5123, Time: 00:06:39

Health: 41/41      AC:  3    Str: 10    XL:     6   Next: 18%
Magic:  13/13      EV: 12    Int: 17    God:
Gold:   146        SH:  0    Dex: 13    Spells: 8/14 levels left

rFire    . . .     SeeInvis .   a - +4 spear (flame)
rCold    . . .     Faith    .   (no shield)
rNeg     . . .     Spirit   .   b - +0 robe
rPois    .         Reflect  .   c - +0 hat
rElec    .         Harm     .   (no cloak)
rCorr    .         Rampage  .   (no gloves)
Will     .....                  e - +0 pair of boots
Stlth    ++........             (no amulet)
HPRegen  0.13/turn              (no ring)
MPRegen  0.13/turn              (no ring)

@: no status effects
A: hooves 1, powered by death 2, sanguine armour 1
a: no special abilities


You were on level 3 of the Dungeon.
You visited 1 branch of the dungeon, and saw 3 of its levels.

You collected 146 gold pieces.

Inventory:

Hand Weapons
 a - a +4 spear of flaming (weapon)
Missiles
 d - 241 stones
 f - 2 boomerangs
 k - 37 bolts
 l - 11 poisoned darts
 p - 15 sling bullets
 q - 8 silver javelins
 r - 17 arrows
Armour
 b - a +0 robe (worn)
 c - a +0 hat (worn)
 e - a +0 pair of boots (worn)
 u - a +0 helmet
Wands
 t - a wand of flame (10)
Scrolls
 j - 2 scrolls of remove curse
 n - a scroll of blinking
 o - 3 scrolls of teleportation {unknown}
 w - a scroll of random uselessness {unknown}
Potions
 g - 2 potions of resistance
 h - 3 potions of haste {unknown}
 i - a potion of magic {unknown}
 m - a potion of might {unknown}
 s - a potion of degeneration {unknown}
 v - a potion of heal wounds {unknown}


   Skills:
 - Level 1.7 Dodging
 - Level 1.7 Stealth
 * Level 4.6 Spellcasting
 * Level 3.9 Conjurations
 - Level 1.0 Summonings
 - Level 0.8 Translocations
 * Level 1.5 Air Magic
 * Level 1.7 Poison Magic


You had 8 spell levels left.
You knew the following spells:

 Your Spells              Type           Power        Failure   Level
a - Magic Dart            Conj           68%          3%          1
b - Blink                 Tloc           N/A          16%         2
d - Mephitic Cloud        Conj/Pois/Air  12%          17%         3

Your spell library contained the following spells:

 Spells                   Type           Power        Failure   Level
 Call Imp                 Summ           7%           14%         2
 Corona                   Hex            3%           16%         1
 Conjure Flame            Conj/Fire      10%          21%         3
 Slow                     Hex            3%           22%         2
 Portal Projectile        Hex/Tloc       10%          36%         3
 Inner Flame              Hex/Fire       3%           41%         3
 Cause Fear               Hex            1%           83%         4
 Leda's Liquefaction      Hex/Erth       1%           83%         4


Dungeon Overview and Level Annotations

Branches:
Dungeon (3/15)

Altars:
Hepliaklqana
Wu Jian

Annotations:
D:3 Terence


Innate Abilities, Weirdness & Mutations

You have large cloven feet.
You regenerate health from kills.
When seriously injured, your bleeding wounds create armour. (AC +0)


Message History

The phantom blinks!
You barely miss the phantom.
The phantom is severely damaged.
The phantom hits you.
You hit the phantom. You burn the phantom.
The phantom is almost destroyed.
The phantom blinks!
Casting: Magic Dart (safe; 3% risk of failure)
Confirm with . or Enter, or press ? or * to list all spells.
Aiming: Magic Dart (safe; 3% risk of failure)
Press: ? - help, Shift-Dir - straight line, f/p - phantom
Aim: a phantom (almost destroyed, 0% to evade)
The magic dart hits the phantom.
You destroy the phantom!
You have reached level 6!
Your experience leads to an increase in your attributes!
Increase (s)trength, (i)ntelligence, or (d)exterity?
You feel clever.
Your demonic ancestry asserts itself...
Your feet thicken and deform.
Are you sure you want to abandon this character and quit the game? (Confirm with "yes".)

##### #...# #######
#...#
#####.....########...#
#.........##....##...#
#.##......##.##.#.).))
#.##.@....##.##.#....#
#..........#....#.....
#...#......###).##...#
#...#........)...W.ยง..
#...#.....###########.
#...######....# #....
#...# #.##.# #.###
#...######..#.# #.#..
#.###.....#.#.####.##.


There were no monsters in sight!

Vanquished Creatures
  A phantom (D:3)
  An orc wizard (D:3)
  Ijyb (D:3)
  Robin (D:3)
  5 adders
  A white imp (D:2)
  An ooze (D:2)
  2 worms (D:2)
  2 dart slugs
  4 leopard geckos
  4 orcs
  7 bats
  5 giant cockroaches
  27 goblins
  5 hobgoblins
  A jackal (D:2)
  2 quokkas
  3 frilled lizards
  8 kobolds
  7 rats
88 creatures vanquished.

Notes
Turn   | Place    | Note
-------+----------+-------------------------------------------
     0 | D:1      | Chiseanne the Demonspawn Hedge Wizard began the quest for
                  | the Orb.
     0 | D:1      | Reached XP level 1. HP: 13/13 MP: 4/4
   413 | D:1      | Gained mutation: When seriously injured, your bleeding
                  | wounds create armour. (AC +0) [demonic ancestry]
   413 | D:1      | Reached XP level 2. HP: 19/19 MP: 4/6
  1369 | D:2      | Reached XP level 3. HP: 24/24 MP: 4/8
  2323 | D:2      | Gained mutation: You regenerate a little health from kills.
                  | [demonic ancestry]
  2323 | D:2      | Reached XP level 4. HP: 24/30 MP: 0/9
  2585 | D:2      | Reached skill level 4 in Spellcasting
  3532 | D:2      | Found an ornate altar of the Wu Jian Council.
  3625 | D:2      | Learned a level 2 spell: Blink
  3629 | D:2      | Learned a level 3 spell: Mephitic Cloud
  3863 | D:3      | Gained mutation: You regenerate health from kills. [demonic
                  | ancestry]
  3863 | D:3      | Reached XP level 5. HP: 35/35 MP: 6/11
  4025 | D:3      | Noticed Terence
  4358 | D:3      | Noticed Robin
  4369 | D:3      | Killed Robin
  4498 | D:3      | Noticed Ijyb
  4509 | D:3      | Killed Ijyb
  4510 | D:3      | Reached skill level 1 in Poison Magic
  4876 | D:3      | Found a hazy altar of Hepliaklqana.
  4979 | D:3      | Reached skill level 1 in Air Magic
  4980 | D:3      | Noticed a phantom
  5024 | D:3      | Killed a phantom
  5025 | D:3      | Gained mutation: You have large cloven feet. [demonic
                  | ancestry]
  5025 | D:3      | Reached XP level 6. HP: 35/41 MP: 0/13
  5123 | D:3      | Quit the game

Illustrated notes

Levels and vault maps discovered:
D:1:      dpeg_arrival_leaves_temple_mockup, layout_basic
D:2:      layout_basic, nzn_wu_jian_contemplation, minmay_mini_jars
D:3:      layout_basic, old_standard_altar, uniq_robin, uniq_terence, uniq_ijyb

Skill      XL: |  1  2  3  4  5 |
---------------+----------------+-----
Conjurations   | 2 3 |  3.9
Spellcasting   | 4 |  4.6
Poison Magic   | 1 |  1.7
Air Magic      | 1 |  1.5
Dodging        | |  1.7
Stealth        | |  1.7
Summonings     | |  1.0
Translocations | |  0.8

Action                   |  1- 3 |  4- 6 || total
-------------------------+-------+-------++-------
Melee: Dagger            |     4 |       ||     4
       Short sword       |    17 |     2 ||    19
       Spear             |       |    23 ||    23
 Cast: Magic Dart        |    99 |   132 ||   231
       Mephitic Cloud    |       |     2 ||     2
  Use: Scroll            |     2 |     3 ||     5
 Stab: Sleeping          |     1 |       ||     1
       Confused          |       |     1 ||     1
Armor: Robe              |     7 |     9 ||    16
Dodge: Dodged            |    28 |    17 ||    45
